 Dungeon Crawl Stone Soup version 0.21.1-1-g345015f (webtiles) character file.

403 tidbits the Sneak (level 6, 27/44 HPs)
             Began as a Gnoll Enchanter on June 15, 2018.
             Quit the game on level 5 of the Dungeon.
             The game lasted 00:08:23 (835 turns).

tidbits the Sneak (Gnoll Enchanter)                  Turns: 835, Time: 00:08:23

Health: 27/44      AC:  3    Str: 10    XL:     6   Next: 86%
Magic:  14/14      EV: 15    Int: 20    God:
Gold:   95         SH:  0    Dex: 15    Spells: 12/15 levels left

rFire    + . .     SeeInvis .   m - +0 flail
rCold    . . .     Gourm    .   (no shield)
rNeg     . . .     Faith    .   b - +0 robe
rPois    .         Spirit   .   (no helmet)
rElec    .         Reflect  .   (no cloak)
rCorr    .         Harm     .   (no gloves)
MR       .....                  F - +0 pair of boots
Stlth    +++.......             (no amulet)
HPRegen  0.14/turn              s - ring of protection from fire
MPRegen  0.14/turn              (no ring)

@: no status effects
A: distributed training, fangs 1, strong nose
a: no special abilities


You were on level 5 of the Dungeon.
You were not hungry.

You visited 1 branch of the dungeon, and saw 7 of its levels.

You collected 158 gold pieces.
You spent 63 gold pieces at shops.

Inventory:

Hand Weapons
 a - a +1 dagger
 j - a +0 short sword
 m - a +0 flail (weapon)
 p - a +0 battleaxe
Missiles
 f - 2 throwing nets {!f}
 t - 8 tomahawks (quivered)
 u - 12 arrows
Armour
 b - a +0 robe (worn)
 l - a +0 buckler
 F - a +0 pair of boots (worn)
Jewellery
 s - a ring of protection from fire (left hand)
   (You found it on level 6 of the Dungeon)
Wands
 q - a wand of acid (8)
Scrolls
 e - a scroll of remove curse {unknown}
 g - a scroll of magic mapping {unknown}
 h - a scroll of amnesia {unknown}
 i - a scroll of fog {unknown}
 k - 4 scrolls of identify {unknown}
 n - 2 scrolls of fear {unknown}
Potions
 o - 2 potions of might {unknown}
 r - a potion of curing {unknown}
 v - a potion of flight {unknown}
 w - 2 potions of heal wounds {unknown}
Books
 c - a book of Maledictions

   Spells                             Type                      Level
   a - Corona                         Hexes                        1
   b - Ensorcelled Hibernation        Hexes/Ice                    2
   c - Confuse                        Hexes                        3
   d - Tukima's Dance                 Hexes                        3
   e - Dazzling Spray                 Conjuration/Hexes            3
Comestibles
 d - 3 rations


   Skills:
 + Level 2.1 Fighting
 + Level 3.3 Short Blades
 + Level 2.1 Long Blades
 + Level 2.1 Axes
 + Level 2.1 Maces & Flails
 + Level 2.1 Polearms
 + Level 2.1 Staves
 + Level 2.1 Slings
 + Level 2.1 Bows
 + Level 2.1 Crossbows
 + Level 2.1 Throwing
 + Level 2.1 Armour
 + Level 5.0 Dodging
 + Level 6.3 Stealth
 + Level 2.1 Shields
 + Level 2.1 Unarmed Combat
 + Level 5.4 Spellcasting
 + Level 1.6 Conjurations
 + Level 5.7 Hexes
 + Level 1.6 Charms
 + Level 1.6 Summonings
 + Level 1.6 Necromancy
 + Level 1.6 Translocations
 + Level 1.6 Transmutations
 + Level 1.6 Fire Magic
 + Level 1.6 Ice Magic
 + Level 1.6 Air Magic
 + Level 1.6 Earth Magic
 + Level 1.6 Poison Magic
 + Level 2.3 Invocations
 + Level 2.1 Evocations


You had 12 spell levels left.
You knew the following spells:

 Your Spells              Type           Power        Failure   Level  Hunger
a - Corona                Hex            ####...      1%          1    None
e - Ensorcelled Hibernat  Hex/Ice        ###...       3%          2    None


Dungeon Overview and Level Annotations

Branches:
Dungeon (7/15)
 Temple: D:4-7

Altars:
Okawaru
Qazlal
Ru
Zin

Shops:
D:6 [[   D:7 *

Annotations:
D:7 Menkaure


Innate Abilities, Weirdness & Mutations

Your experience applies equally to all skills.
You have very sharp teeth.
Your uncanny sense of smell can sniff out nearby items.


Message History

A scorpion comes into view.
The scorpion stings you!
You are poisoned.
The scorpion poisons you!
Found Neihaypt's Armour Emporium.
Casting: Ensorcelled Hibernation
Confirm with . or Enter, or press ? or * to list all spells.
Aiming: Ensorcelled Hibernation
Press: ? - help, Shift-Dir - straight line, f - scorpion
Aim: a scorpion (chance to defeat MR: 50%)
The scorpion looks drowsy...
You feel sick.
The helpless scorpion fails to defend itself.
You impale the scorpion!!
You kill the scorpion!
You feel sick.
You feel sick.
There is an entrance to Neihaypt's Armour Emporium here.
You feel sick.
You feel sick.
You feel sick.
You feel sick.
You feel sick.
You feel sick.
You feel sick.
The leopard gecko hisses angrily.
You feel sick. The leopard gecko barely misses you.
Casting: Ensorcelled Hibernation
Confirm with . or Enter, or press ? or * to list all spells.
Aiming: Ensorcelled Hibernation
Press: ? - help, Shift-Dir - straight line, f - leopard gecko
Aim: a leopard gecko (clinging, chance to defeat MR: 67%)
The leopard gecko looks drowsy...
The helpless leopard gecko fails to defend itself.
You impale the leopard gecko!!
You kill the leopard gecko!
You feel sick.
You see here a leopard gecko corpse.
You feel sick.
You feel sick.
Found Gawedd's Armour Boutique.
You feel sick.
You are no longer poisoned.
There is an entrance to Gawedd's Armour Boutique here.
x - a +0 pair of boots Thank you for shopping at Gawedd's Armour Boutique!
Wear which item? (? for menu, Esc to quit)
You start putting on your armour.
You continue putting on your +0 pair of boots. x4
You finish putting on your +0 pair of boots.
Adjust (i)tems, (s)pells, or (a)bilities?
Adjust which item? (? for menu, Esc to quit)
x - a +0 pair of boots (worn)
Adjust to which letter? (? for menu, Esc to quit)
F - a +0 pair of boots (worn)
Found a stone staircase leading up.
A crimson imp comes into view.
There is a stone staircase leading up here.
You climb upwards.
A shadow imp comes into view.
Found 17 stones and a scroll labeled ZOOTOY WAWAO.
There is a stone staircase leading down here.
Unknown command.
Found an iron altar of Okawaru.
You see here a scroll labeled ZOOTOY WAWAO.
k - 3 scrolls labeled ZOOTOY WAWAO (gained 1)
A jackal comes into view.
A crimson imp comes into view.
The helpless shadow imp fails to defend itself.
You skewer the shadow imp like a kebab!!!
You kill the shadow imp!
Found a scroll labeled ZOOTOY WAWAO.
Casting: Ensorcelled Hibernation
Confirm with . or Enter, or press ? or * to list all spells.
You don't know that spell.
You hit the crimson imp but do no damage.
The crimson imp misses you.
Unknown command.
The crimson imp barely misses you. The crimson imp misses you.
Found 21 stones.
The crimson imp blinks!
Found a rapier.
You see here a scroll labeled ZOOTOY WAWAO.
k - 4 scrolls labeled ZOOTOY WAWAO (gained 1)
The crimson imp barely misses you.
A hound zombie comes into view.
You open the door.
The crimson imp hits you but does no damage.
There is an open door here.
Wield which item (- for none, * to show all)? (? for menu, Esc to quit)
m - a +0 flail (weapon)
You sock the crimson imp!
The crimson imp is severely wounded.
The crimson imp blinks! x2
A jackal comes into view.
There is an open door here.
A crimson imp comes into view.
The crimson imp blinks!
A scorpion comes into view.
Are you sure you want to abandon this character and quit the game? (Confirm with "yes".)

.. #s#. .♣...#. # #
#.... ... .♣.♣.....
.... .#....
....♣.♣.♣...##.#.
......##..♣.♣.♣h♣......
##.#.....♣.♣._.♣.♣.##.#
####
..........♣.♣.♣.♣.....#
...#
......5#...♣.♣.♣......#
...+
#..§#@h..♣.♣.h.....#
...##
#5..#...♣...#....#
....#
#.#(.............#
....#
#.##.........##..#
....#
#.##.........##..##
....#
#..'.........'..>(#
....#
####.........#....#
...## #.........#....#
...# #.........#....#


You could see a scorpion (wandering), a crimson imp (wandering) and a jackal.

Vanquished Creatures
  A big kobold (D:7)
  A bullfrog (D:6)
  2 scorpions
  A howler monkey (D:5)
  An orc wizard (D:6)
  Jessica (D:2)
  The ghost of Iko the Chiller, a weakling FeIE of Wu Jian (D:4)
  2 adders
  A shadow imp (D:5)
  A worm (D:2)
  2 leopard geckos
  7 orcs
  3 ball pythons
  2 goblins (D:1)
  A hobgoblin (D:2)
  3 kobolds
  A quokka (D:6)
  2 bats
  A frilled lizard (D:1)
  2 rats (D:2)
36 creatures vanquished.

Vanquished Creatures (others)
  A plant (D:6)
1 creature vanquished.

Grand Total: 37 creatures vanquished

Notes
Turn   | Place    | Note
-------+----------+-------------------------------------------
     0 | D:1      | tidbits the Gnoll Enchanter began the quest for the Orb.
     0 | D:1      | Reached XP level 1. HP: 13/13 MP: 6/6
   264 | D:2      | Reached XP level 2. HP: 10/19 MP: 7/7
   269 | D:2      | Learned a level 2 spell: Ensorcelled Hibernation
   287 | D:2      | Noticed Jessica
   292 | D:2      | Killed Jessica
   292 | D:2      | Reached skill level 6 in Stealth
   292 | D:2      | Reached skill level 5 in Spellcasting
   292 | D:2      | Reached XP level 3. HP: 15/25 MP: 3/9
   304 | D:3      | Reached skill level 1 in Invocations
   405 | D:4      | Noticed Iko's ghost (weakling FeIE)
   419 | D:4      | Found a sacrificial altar of Ru.
   424 | D:5      | Entered Level 5 of the Dungeon
   427 | D:5      | Reached skill level 1 in Fighting
   427 | D:5      | Reached skill level 1 in Long Blades
   427 | D:5      | Reached skill level 1 in Axes
   427 | D:5      | Reached skill level 1 in Maces & Flails
   427 | D:5      | Reached skill level 1 in Polearms
   427 | D:5      | Reached skill level 1 in Staves
   427 | D:5      | Reached skill level 1 in Slings
   427 | D:5      | Reached skill level 1 in Bows
   427 | D:5      | Reached skill level 1 in Crossbows
   427 | D:5      | Reached skill level 1 in Throwing
   427 | D:5      | Reached skill level 1 in Armour
   427 | D:5      | Reached skill level 1 in Shields
   427 | D:5      | Reached skill level 1 in Unarmed Combat
   427 | D:5      | Reached skill level 1 in Evocations
   427 | D:5      | Reached XP level 4. HP: 15/32 MP: 4/11
   430 | D:5      | Reached skill level 1 in Conjurations
   430 | D:5      | Reached skill level 1 in Charms
   430 | D:5      | Reached skill level 1 in Summonings
   430 | D:5      | Reached skill level 1 in Necromancy
   430 | D:5      | Reached skill level 1 in Translocations
   430 | D:5      | Reached skill level 1 in Transmutations
   430 | D:5      | Reached skill level 1 in Fire Magic
   430 | D:5      | Reached skill level 1 in Ice Magic
   430 | D:5      | Reached skill level 1 in Air Magic
   430 | D:5      | Reached skill level 1 in Earth Magic
   430 | D:5      | Reached skill level 1 in Poison Magic
   481 | D:4      | Killed Iko's ghost
   530 | D:6      | Noticed a bullfrog
   536 | D:6      | Killed a bullfrog
   536 | D:6      | Reached skill level 3 in Short Blades
   536 | D:6      | Reached XP level 5. HP: 15/37 MP: 5/12
   542 | D:6      | Noticed a centaur
   624 | D:7      | Found a glowing silver altar of Zin.
   624 | D:7      | Found Zin's Purification Station.
   647 | D:7      | Noticed Menkaure
   659 | D:7      | Noticed a big kobold
   677 | D:7      | Killed a big kobold
   677 | D:7      | Reached skill level 2 in Invocations
   677 | D:7      | Reached XP level 6. HP: 28/44 MP: 5/14
   677 | D:7      | Reached skill level 2 in Fighting
   677 | D:7      | Reached skill level 2 in Long Blades
   677 | D:7      | Reached skill level 2 in Axes
   677 | D:7      | Reached skill level 2 in Maces & Flails
   677 | D:7      | Reached skill level 2 in Polearms
   677 | D:7      | Reached skill level 2 in Staves
   677 | D:7      | Reached skill level 2 in Slings
   677 | D:7      | Reached skill level 2 in Bows
   677 | D:7      | Reached skill level 2 in Crossbows
   677 | D:7      | Reached skill level 2 in Throwing
   677 | D:7      | Reached skill level 2 in Armour
   677 | D:7      | Reached skill level 5 in Dodging
   677 | D:7      | Reached skill level 2 in Shields
   677 | D:7      | Reached skill level 2 in Unarmed Combat
   677 | D:7      | Reached skill level 2 in Evocations
   683 | D:7      | Found a stormy altar of Qazlal.
   732 | D:6      | Found Neihaypt's Armour Emporium.
   762 | D:6      | Found Gawedd's Armour Boutique.
   766 | D:6      | Bought a +0 pair of boots for 63 gold pieces
   805 | D:5      | Found an iron altar of Okawaru.
   835 | D:5      | Quit the game

Skill      XL: |  1  2  3  4  5  6 |
---------------+-------------------+-----
Stealth        | 6 |  6.3
Spellcasting   | 5 |  5.4
Invocations    | 1 2 |  2.3
Fighting       | 1 2 |  2.1
Long Blades    | 1 2 |  2.1
Axes           | 1 2 |  2.1
Maces & Flails | 1 2 |  2.1
Polearms       | 1 2 |  2.1
Staves         | 1 2 |  2.1
Slings         | 1 2 |  2.1
Bows           | 1 2 |  2.1
Crossbows      | 1 2 |  2.1
Throwing       | 1 2 |  2.1
Armour         | 1 2 |  2.1
Shields        | 1 2 |  2.1
Unarmed Combat | 1 2 |  2.1
Evocations     | 1 2 |  2.1
Conjurations   | 1 |  1.6
Charms         | 1 |  1.6
Summonings     | 1 |  1.6
Necromancy     | 1 |  1.6
Translocations | 1 |  1.6
Transmutations | 1 |  1.6
Fire Magic     | 1 |  1.6
Ice Magic      | 1 |  1.6
Air Magic      | 1 |  1.6
Earth Magic    | 1 |  1.6
Poison Magic   | 1 |  1.6
Short Blades   | 3 |  3.3
Dodging        | 5 |  5.0
Hexes          | |  5.7

Action                   |  1- 3 |  4- 6 || total
-------------------------+-------+-------++-------
Melee: Dagger            |    39 |    13 ||    52
       Bite              |     3 |       ||     3
       Flail             |       |     1 ||     1
Throw: Throwing net      |     1 |       ||     1
 Cast: Corona            |     8 |       ||     8
       Ensorcelled Hiber |     7 |    15 ||    22
Evoke: Wand              |       |     6 ||     6
 Stab: Sleeping          |     8 |    11 ||    19
       Held in net/web   |     1 |       ||     1
Armor: Robe              |     9 |     3 ||    12
Dodge: Dodged            |    23 |    16 ||    39

Table legend:
 A = Turns spent in this place as a percentage of turns spent in the entire game.
 B = Non-inter-level travel turns spent in this place as a percentage of non-inter-level travel turns spent in the entire game.
 C = Inter-level travel turns spent in this place as a percentage of turns spent in this place.
 D = Turns resting spent in this place as a percentage of non-inter-level travel turns spent in this place.
 E = Turns spent auto-exploring this place as a percentage of non-inter-level travel turns spent in this place.
 F = Non-inter-level travel turns spent in this place divided by the number of levels of this place that you've seen.
                   A       B       C       D       E      F
               +-------+-------+-------+-------+-------+----------------------
         Total | 100.0 | 100.0 |   0.0 |   0.0 |   0.0 | 119.3
       Dungeon | 100.0 | 100.0 |   0.0 |   0.0 |   0.0 | 119.3
               +-------+-------+-------+-------+-------+----------------------

Table legend:
 A = Kills in this place as a percentage of kills in entire the game.
 B = Kills by you in this place as a percentage of kills by you in the entire game.
 C = Kills by friends in this place as a percentage of kills by friends in the entire game.
 D = Other kills in this place as a percentage of other kills in the entire game.
 E = Experience gained in this place as a percentage of experience gained in the entire game.
 F = Experience gained in this place divided by the number of levels of this place that you have seen.
                   A       B       C       D       E      F
               +-------+-------+-------+-------+-------+----------------------
         Total | 100.0 | 100.0 |   N/A |   N/A | 100.0 |  82.3
       Dungeon | 100.0 | 100.0 |   N/A |   N/A | 100.0 |  82.3
               +-------+-------+-------+-------+-------+----------------------

Vault maps used:
D:1:      sevenhm_arrival_forest_fort_large_4, minmay_fountain_box,
          nrook_loot_triangle, minmay_misc_feat_columns
D:2:      uniq_jessica
D:4:      nicolae_ru_awakened_eye, lemuel_round_altar, minmay_temple_entry_grid,
          first_ration
D:5:      okawaru_trees_2, grunt_gozag_statues, basic_altar,
          supply_closet_lemuel
D:6:      kennysheep_kobold_camp, serial_shops, shop, shop
D:7:      zin_purify, kennysheep_little_box, basic_altar, uniq_menkaure
